 Dungeon Crawl Stone Soup version 0.19-a0-347-g6bb00b2 (webtiles) character file.

636492 mistymad the Imperceptible (level 27, -86/226 HPs)
             Began as a Vampire Enchanter on May 29, 2016.
             Was the Champion of Ashenzari.
             Killed from afar by an orb of fire (97 damage)
             ... with a fireball
             ... on level 5 of the Realm of Zot.
             The game lasted 10:05:53 (78552 turns).

mistymad the Imperceptible (Vampire Enchanter)     Turns: 78552, Time: 10:05:53

Health: -86/226    AC: 28    Str:  7    XL:     27
Magic:  26/50      EV: 37    Int: 26    God:    Ashenzari [******]
Gold:   3091       SH: 24    Dex: 33    Spells: 13 memorised, 5 levels left

rFire  . . .     SeeInvis +     V - +9 rapier (freeze) (curse)
rCold  + + +     Gourm    .     O - +6 leather armour of the Evening {rElec rC+++ rCorr Int+3} (curse)
rNeg   + + +     Faith    .     u - +5 shield {reflect} (curse)
rPois  ∞         Spirit   .     W - +2 helmet (curse)
rElec  +         Dismiss  .     Z - +0 cloak of the Shore {Int+2 Dex+2} (curse)
rCorr  +         Reflect  +     N - +1 pair of gloves of Ejihaghu {rElec MR++ Int+3 Dex-3} (curse)
SustAt .         Harm     .     J - +0 pair of boots (curse)
MR     +++++     Clarity  +     E - amulet "Juskuanu" {Reflect MR+ Dex+4 SH+4 Stlth-} (curse)
Stlth  ++++++++++               p - ring of Mulus {rN+ MP+9 Dex+3} (curse)
                                r - ring of Robustness {AC+8} (curse)

@: very slightly contaminated, bloodless, non-regenerating, almost entirely
resistant to hostile enchantments, uncannily stealthy
A: fangs 3, repulsion field 1, icy blue scales 1, see invisible, unbreathing
a: Bat Form, Curse Item, Scrying, Transfer Knowledge, Renounce Religion
}: 3/15 runes: decaying, serpentine, silver


You were on level 5 of the Realm of Zot.
You worshipped Ashenzari.
Ashenzari was exalted by your worship.
You were bloodless.

You visited 10 branches of the dungeon, and saw 52 of its levels.
You also visited: Ice Cave, Volcano and Wizlab.

You collected 6454 gold pieces.
You spent 3363 gold pieces at shops.

Inventory:

Hand Weapons
 D - the +12 demon blade of Teet Emp {freeze, rElec MP+9 Int-5 Dex+2}
   (You took it off a deep elf knight on level 3 of the Elven Halls)

   It has been specially enchanted to freeze those struck by it, causing extra
   injury to most foes and up to half again as much damage against particularly
   susceptible opponents.
   It can also slow down cold-blooded creatures.
   It affects your intelligence (-5).
   It affects your dexterity (+2).
   It insulates you from electricity.
   It affects your magic capacity (+9).
 R - a cursed +7 quick blade of draining
 V - a cursed +9 rapier of freezing (weapon)
Missiles
 X - a throwing net (quivered)
Armour
 u - a cursed +5 shield of reflection (worn)
 J - a cursed +0 pair of boots (worn)
 N - the cursed +1 pair of gloves of Ejihaghu (worn) {rElec MR++ Int+3 Dex-3}
   (You bought it in a shop on level 9 of the Dungeon)

   It affects your intelligence (+3).
   It affects your dexterity (-3).
   It insulates you from electricity.
   It affects your resistance to hostile enchantments.
   It has a curse placed upon it.
 O - the cursed +6 leather armour of the Evening (worn) {rElec rC+++ rCorr Int+3}
   (You bought it in a shop on level 9 of the Dungeon)

   It affects your intelligence (+3).
   It renders you almost immune to cold.
   It insulates you from electricity.
   It protects you from acid and corrosion.
   It has a curse placed upon it.
 W - a cursed +2 helmet (worn)
 Z - the cursed +0 cloak of the Shore (worn) {Int+2 Dex+2}
   (You found it on level 3 of the Elven Halls)

   It affects your intelligence (+2).
   It affects your dexterity (+2).
   It has a curse placed upon it.
Jewellery
 p - the cursed ring of Mulus (right hand) {rN+ MP+9 Dex+3}
   (You bought it in a shop on level 2 of the Orcish Mines)

   [ring of magical power]

   It affects your dexterity (+3).
   It protects you from negative energy.
   It affects your magic capacity (+9).
   It has a curse placed upon it.
 r - the cursed ring of Robustness (left hand) {AC+8}
   (You found it on level 3 of the Vaults)

   [ring of protection]

   It affects your AC (+8).
   It has a curse placed upon it.
 E - the cursed amulet "Juskuanu" (around neck) {Reflect MR+ Dex+4 SH+4 Stlth-}
   (You bought it in a shop on level 2 of the Orcish Mines)

   [amulet of reflection]

   It shields you and reflects attacks.
   It affects your dexterity (+4).
   It affects your resistance to hostile enchantments.
   It affects your SH (+4).
   It makes you less stealthy.
   It has a curse placed upon it.
 S - an uncursed ring of protection from fire
Wands
 b - a wand of teleportation (1/9)
 h - a wand of heal wounds (1/9)
 i - a wand of hasting (1/9)
 H - a wand of digging (10/24)
Scrolls
 a - 11 scrolls of identify
 f - 7 scrolls of blinking
 g - 8 scrolls of fog
 k - 2 scrolls of silence
 m - 6 scrolls of enchant armour
 n - 13 scrolls of amnesia
 o - 8 scrolls of fear
 t - 20 scrolls of remove curse
 A - 4 scrolls of recharging
 F - 2 scrolls of summoning
 M - a scroll of brand weapon
 T - 4 scrolls of magic mapping
Potions
 c - 4 potions of agility
 d - 15 potions of blood
 j - 5 potions of flight
 l - a potion of heal wounds
 q - a potion of haste
 v - 9 potions of brilliance
 w - 3 potions of cancellation
 x - 15 potions of curing
 z - 3 potions of might
 C - 2 potions of cure mutation
 G - 2 potions of beneficial mutation
 K - 7 potions of magic
 L - 2 potions of invisibility
 P - 8 potions of resistance
Books
 B - a book of the Tempests

   Spells                             Type                      Level
   a - Static Discharge               Conjuration/Air              3
   b - Lightning Bolt                 Conjuration/Air              5
   c - Fireball                       Conjuration/Fire             5
   d - Tornado                        Air                          9
   e - Shatter                        Earth                        9
Miscellaneous
 s - a phial of floods (inert)
 y - a fan of gales (inert)
 I - a box of beasts {used: 3}
 U - a sack of spiders {used: 7}
 Y - a sack of spiders


   Skills:
 + Level 20.5 Fighting
 - Level 11.8(16.6) Short Blades
 + Level 7.6(10.3) Long Blades
 + Level 6.0 Throwing
 - Level 12.1 Armour
 + Level 17.8(21.5) Dodging
 - Level 23.9(27) Stealth
 - Level 12.6(15.3) Shields
 + Level 14.6 Spellcasting
 + Level 18.4(22.0) Hexes
 + Level 13.4(17.5) Charms
 - Level 10.4(14.6) Necromancy
 - Level 5.8(10.3) Ice Magic
 + Level 5.0(9.4) Air Magic
 + Level 12.2(16.3) Evocations


You had 5 spell levels left.
You knew the following spells:

 Your Spells              Type           Power        Failure   Level  Hunger
a - Spectral Weapon       Hex/Chrm       #######.     0%          3    None
b - Ensorcelled Hibernat  Hex/Ice        ######       0%          2    None
c - Confuse               Hex            #######.     0%          3    None
d - Haste                 Chrm           #######.     1%          6    ####...
e - Dazzling Spray        Conj/Hex       ######       1%          3    None
f - Regeneration          Chrm/Necr      #######...   0%          3    None
g - Animate Dead          Necr           N/A          1%          4    None
h - Discord               Hex            #######...   4%          8    #######
i - Cigotuvi's Embrace    Necr           #######...   1%          5    ##.....
j - Repel Missiles        Chrm/Air       ######       1%          2    None
k - Darkness              Hex            #######...   1%          6    ####...
l - Shroud of Golubria    Chrm/Tloc      ######....   1%          2    None
m - Ozocubu's Armour      Chrm/Ice       ######..     1%          3    None


Dungeon Overview and Level Annotations

Branches:
Dungeon (15/15)            Temple (1/1) D:6            Lair (8/8) D:11
  Swamp (4/4) Lair:5        Snake (4/4) Lair:4        Slime (0/6) Lair:6
    Orc (2/2) D:11            Elf (3/3) Orc:2        Vaults (5/5) D:14
  Crypt (0/3) Vaults:2     Depths (5/5) D:15            Zot (5/5) Depths:5

Altars:
Ashenzari
Cheibriados
Dithmenos
Fedhas
Gozag
Hepliaklqana
Kikubaaqudgha
Makhleb
Nemelex Xobeh
Okawaru
Pakellas
Qazlal
Ru
Sif Muna
Trog
Ukayaw
Vehumet
Xom
Yredelemnul
Zin
The Shining One
Beogh
Jiyva
Lugonu

Shops:
D:6 !   D:8 [!   D:9 [   Orc:1 }   Orc:2 *([=   Snake:3 %(!**   Vaults:1 [:[
Depths:4 [

Portals:
Hell: Depths:1 Depths:2 Depths:3 Depths:4 Depths:5
Abyss: Depths:1 Depths:2 Depths:4
Pandemonium: Depths:3
Ziggurat: Depths:5

Annotations:
D:6 Kilingo's ghost, novice DDAr
Swamp:4 Lernaean hydra
Vaults:2 Mennas
Zot:2 exclusion: upstairs


Innate Abilities, Weirdness & Mutations

You do not heal naturally.
You are immune to poison.
You have razor-sharp teeth.
You have supernaturally acute eyesight. (SInv)
You can survive without breathing.
You are surrounded by a mild repulsion field. (EV +2)
You are partially covered in icy blue scales. (AC +1)


Message History

You block the Orb Guardian's attack.
An ancient lich comes into view.
A death cob comes into view.
The orb of fire glows bright magenta.
The fireball explodes!
The fireball engulfs you!
* * * LOW HITPOINT WARNING * * *
The fireball engulfs the orb of fire.
The orb of fire completely resists.
The death cob gives a chilling moan.
You take 43 damage, and have 16/226 hp.
The ancient lich mumbles some strange words.
The ancient lich seems to speed up.
A tentacled monstrosity comes into view.
You block the death cob's attack.
The white draconian closely misses the Orb Guardian.
The death cob hits you.
* * * LOW HITPOINT WARNING * * *
You take 5 damage, and have 11/226 hp.
The orb of fire glows deep purple.
The fireball explodes!
The fireball engulfs you!
You die...

********
▓########{########
##...{d##{X#
##########......X.{##
#......##..##..X####
##......#8..8#...#
.'÷.......^...LX.#
##.........8.Xz###
....)...#8..8#*#8#####
....#...##..##..@....#
....#......#........<#
....#8.....#.........#
....#..........X.#####
....#............# ######
....#8...........####....#
...######.:.........'....#
...# ##[......##.#....#
#.## #.......##.#....#


You could see an orb of fire, a tentacled monstrosity and an Orb Guardian.

Vanquished Creatures
  A juggernaut (Depths:2)
  4 ancient liches
  Sojobo (Depths:2)
  The ghost of ilikecats the Impregnable, a veteran MiFi of Hepliaklqana (Vaults:5)
  Vashnia (Snake:4)
  Saint Roka (Orc:2)
  9 golden dragons
  the Enchantress (Depths:1)
  2 electric golems
  An Ice Fiend (IceCv)
  Rupert (D:15)
  6 liches
  9 tentacled monstrosities
  A deep elf blademaster (Elf:3)
  A titan (Vaults:5)
  8 Orb Guardians (Zot:5)
  A quicksilver dragon (Vaults:5)
  3 sphinxes
  6 death cobs
  3 shadow dragons (Vaults:5)
  The ghost of crauler the Severer, an adept NaGl of Gozag (Lair:8)
  7 storm dragons
  3 thorn hunters
  9 draconian monks
  Roxanne (Elf:2)
  5 greater nagas (Snake:4)
  10 fire giants
  7 tengu reavers
  A draconian knight (Zot:5)
  6 deep elf sorcerers
  Wiglaf (Snake:1)
  Donald (Swamp:2)
  Maud (Orc:1)
  Aizul (Swamp:3)
  2 draconian scorchers
  4 orc warlords
  The ghost of Yehuk the Thaumaturge, a journeyman DrCj of Vehumet (Lair:8)
  An iron dragon (Vaults:5)
  8 frost giants
  A draconian shifter (Depths:5)
  23 vault wardens
  2 ghouls
  A ghost moth (Zot:4)
  37 very ugly things
  2 caustic shrike zombies (Depths:3)
  2 deep elf elementalists (Elf:3)
  7 spriggan defenders
  2 draconian annihilators
  The ghost of Amnesiac the Phalangite, a journeyman MfGl of Gozag (Lair:8)
  17 ironheart preservers
  23 stone giants
  2 draconian callers
  The ghost of epen the Destroyer, a journeyman DEAE of Vehumet (Lair:8)
  2 vampire knights
  4 green draconians
  5 black draconians
  3 war gargoyles (Vaults:5)
  11 deep elf demonologists
  10 deep elf annihilators
  7 purple draconians
  8 white draconians
  3 yellow draconians
  4 mottled draconians
  4 red draconians
  11 spark wasps
  16 deep elf death magi
  A merfolk javelineer (Depths:5)
  An orange crystal statue (WizLab)
  16 ettins
  33 vault guards
  A merfolk impaler (Depths:5)
  A crystal guardian (Vaults:4)
  20 fire dragons
  5 deep elf high priests
  3 jiangshi (Depths:5)
  13 yaktaur captains
  8 entropy weavers
  6 rakshasas
  19 ice dragons
  10 great orbs of eyes
  A catoblepas (Depths:4)
  2 hell beasts (Depths:4)
  6 naga warriors
  30 hydras
  3 ghost crabs
  10 anacondas
  8 spriggan air magi
  13 death yaks
  14 centaur warriors
  5 death knights
  23 ogre magi
  The ghost of Catbag the Blocker, a novice MiFi of Trog (Orc:1)
  6 alligators
  24 dancing weapons
  13 deep troll shamans
  A satyr (shapeshifter) (Depths:2)
  14 deep troll earth magi
  3 hell hogs (shapeshifter)
  4 tengu warriors
  4 shock serpents
  16 naga sharpshooters
  3 spriggan berserkers
  2 vampire magi (Depths:5)
  3 orc high priests
  Sonja (Lair:4)
  A shock serpent (shapeshifter) (Depths:4)
  24 deep elf knights
  9 spriggans
  A large abomination (Elf:3)
  An iron troll (Depths:4)
  2 shadow wraiths
  2 hell knights
  3 salamander mystics
  2 wizards
  An unseen horror (D:11)
  2 fire crabs (Vaults:2)
  3 flayed ghosts
  9 swamp dragons
  An unseen horror (shapeshifter) (Depths:2)
  6 skeletal warriors
  48 deep trolls
  3 spriggan druids
  A deep troll (shapeshifter) (Vaults:5)
  5 giant orange brains
  12 hill giants
  2 death drakes (Depths:5)
  16 ironbrand convokers
  2 phantasmal warriors
  4 naga ritualists
  18 deep elf archers
  6 harpies
  6 lindwurms
  3 necromancers
  6 mana vipers
  84 deep elf magi
  21 orc knights
  6 griffons
  2 wolf spiders (Vaults:1)
  A sphinx skeleton (Depths:3)
  7 hornets
  2 wolf spider zombies (D:15)
  45 ugly things
  2 salamanders (shapeshifter)
  2 hornets (shapeshifter) (Vaults:5)
  4 oklob plants
  A faun (shapeshifter) (Vaults:4)
  13 moths of wrath
  8 orc sorcerers
  A sixfirhy (Depths:3)
  8 cyclopes
  29 elephants
  A manticore (shapeshifter) (Vaults:5)
  2 black mambas (shapeshifter)
  29 black mambas
  2 guardian serpents (shapeshifter)
  Joseph (D:9)
  Psyche (D:9)
  14 naga magi
  3 molten gargoyles
  10 salamanders
  13 vault sentinels
  A gargoyle (D:15)
  4 ice statues
  A spiny frog (shapeshifter) (Vaults:1)
  24 spiny frogs
  A smoke demon (Depths:3)
  A rime drake (Lair:8)
  5 centaur skeletons
  A spriggan zombie (Depths:3)
  A hellwing (Depths:3)
  43 yaktaurs
  5 freezing wraiths
  8 ice devils (IceCv)
  16 komodo dragons
  A yaktaur (shapeshifter) (D:14)
  A tormentor (Depths:3)
  An efreet (D:14)
  2 golden dragon simulacra (IceCv)
  3 polar bears (Lair:8)
  2 tengu conjurers
  An anaconda simulacrum (IceCv)
  A troll (shapeshifter) (Vaults:1)
  13 trolls
  3 jumping spiders
  37 two-headed ogres
  7 giant leeches
  A wind drake (Depths:5)
  10 blink frogs
  A hornet zombie (D:15)
  11 bog bodies
  44 slime creatures
  A stone giant simulacrum (Vaults:2)
  17 air elementals
  24 redbacks
  2 boulder beetles
  A wraith (D:15)
  A dire elephant simulacrum (IceCv)
  A vampire (D:15)
  A hog (shapeshifter) (Vaults:3)
  2 shadows
  13 water elementals
  3 tarantellas
  3 fire bats
  3 fire elementals
  4 basilisks
  A basilisk (shapeshifter) (Depths:2)
  75 yaks
  A golden eye (shapeshifter) (Depths:2)
  A neqoxec (Depths:3)
  7 hippogriffs
  A steam dragon (D:10)
  32 vampire mosquitoes
  2 harpy simulacra (IceCv)
  A hungry ghost (D:13)
  56 nagas
  8 wargs
  13 swamp worms
  8 insubstantial wisps
  2 mottled dragons
  2 soldier ants (D:9)
  A swamp worm (shapeshifter) (Vaults:5)
  15 water moccasins
  3 hydra simulacra (IceCv)
  13 porcupines
  2 hell hounds (Depths:4)
  7 ice beasts
  68 orc warriors
  2 sky beasts (shapeshifter)
  6 sky beasts
  17 swamp drakes
  A phantom (D:10)
  10 wasps
  3 necrophages
  A tengu (shapeshifter) (Vaults:1)
  3 black bears
  91 ogres
  18 wolves
  2 boggarts
  A boggart (shapeshifter) (Vaults:3)
  2 ettin simulacra
  2 eyes of draining
  25 centaurs
  17 crocodiles
  3 big kobolds (D:11)
  16 giant frogs
  3 earth elementals
  3 gnoll sergeants
  2 wyvern zombies
  A wyvern skeleton (D:11)
  10 killer bees
  4 scorpions
  9 wights
  An electric eel (Lair:6)
  A vampire bat (Lair:4)
  A lava snake (Volcano)
  7 howler monkeys
  2 crimson imps
  5 centaur zombies
  2 giant frog zombies (D:12)
  40 orc priests
  A human simulacrum (Vaults:3)
  A hound (D:6)
  7 jellies
  4 giant frog skeletons
  36 orc wizards
  8 iguanas
  11 worker ants
  Natasha (thrice) (D:2)
  A killer bee zombie (D:6)
  46 sheep
  A hound skeleton (D:11)
  3 hound zombies (D:7)
  A mummy (D:15)
  A worker ant zombie (D:6)
  5 gnolls (D:11)
  A howler monkey skeleton (D:11)
  11 adders
  43 river rats
  A shadow imp (D:14)
  An adder skeleton (D:4)
  A worm (D:4)
  3 dart slugs
  5 giant geckos
  142 orcs
  7 giant cockroaches
  6 hobgoblins
  6 jackals
  6 kobolds
  8 quokkas
  2 ball pythons
  8 bats
  7 giant newts
  9 goblins
  2 quokka skeletons
  4 rats
  A fungus (Lair:2)
  4 plants
  A spectral weapon (Zot:5)
  A withered plant (D:15)
2563 creatures vanquished.

Vanquished Creatures (collateral kills)
  2 greater nagas (Snake:4)
  A deep elf death mage (Elf:3)
  A deep elf high priest (Elf:3)
  A hydra (Swamp:1)
  2 naga warriors (Snake:4)
  A catoblepas (Lair:8)
  A death yak (Lair:8)
  A skeletal warrior (D:14)
  A hill giant (D:14)
  A phantasmal warrior (Vaults:4)
  A necromancer (D:14)
  A wolf spider (Vaults:1)
  An elephant (Lair:3)
  A black mamba (Lair:7)
  3 spiny frogs
  A freezing wraith (Vaults:4)
  A yaktaur (Vaults:1)
  A two-headed ogre (Vaults:3)
  A bog body (Swamp:2)
  A giant leech (Swamp:1)
  3 blink frogs (Lair:7)
  2 slime creatures
  11 yaks
  A hippogriff (Lair:8)
  A wraith (Vaults:4)
  2 fire bats (Lair:3)
  A warg (Orc:1)
  2 swamp worms (Swamp:1)
  5 nagas (Snake:4)
  3 orc warriors (Orc:2)
  3 ogres
  A wasp (Swamp:1)
  A wolf (Lair:7)
  A crocodile (Lair:5)
  A giant frog (Lair:7)
  3 electric eels
  An iguana (Lair:5)
  A sheep (Lair:5)
  13 orcs
  A plant (Lair:8)
81 creatures vanquished.

Vanquished Creatures (others)
  2 deep elf master archers (Elf:3)
  A fire giant (Vaults:5)
  An ironheart preserver (Vaults:5)
  A deep elf demonologist (Elf:3)
  A merfolk javelineer (Depths:5)
  3 yaktaur captains
  An ogre mage (Vaults:4)
  A naga sharpshooter (Snake:4)
  5 deep elf archers
  A lindwurm (Depths:5)
  3 deep elf magi
  A wizard (D:13)
  A black mamba (Snake:3)
  6 yaktaurs
  3 nagas
  4 ogres
  A boggart (Depths:1)
  A centaur (Vaults:2)
  A giant frog (Lair:5)
  A mummy (D:15)
  65 bushes (D:15)
  30 fungi
  63 plants
  43 spectral weapons
240 creatures vanquished.

Grand Total: 2884 creatures vanquished

Notes
Turn   | Place    | Note
--------------------------------------------------------------
     0 | D:1      | mistymad the Vampire Enchanter began the quest for the Orb.
     0 | D:1      | Reached XP level 1. HP: 13/13 MP: 3/3
   251 | D:1      | Reached XP level 2. HP: 20/20 MP: 5/5
   825 | D:1      | Learned a level 2 spell: Ensorcelled Hibernation
   869 | D:2      | Noticed Natasha
   876 | D:2      | Killed Natasha
   876 | D:2      | Reached skill level 1 in Fighting
   876 | D:2      | Reached skill level 5 in Stealth
   876 | D:2      | Reached XP level 3. HP: 26/26 MP: 3/6
   881 | D:2      | Learned a level 3 spell: Confuse
   908 | D:2      | Found an oddly glowing altar of Pakellas.
  1305 | D:2      | Noticed Natasha
  1336 | D:2      | Killed Natasha
  1336 | D:2      | Reached XP level 4. HP: 32/32 MP: 7/7
  1367 | D:2      | Noticed Natasha
  1373 | D:2      | Killed Natasha
  1868 | D:3      | Reached skill level 5 in Hexes
  1868 | D:3      | Reached XP level 5. HP: 30/38 MP: 8/8
  1937 | D:3      | Found a shimmering altar of Xom.
  2139 | D:3      | Found a hazy altar of Hepliaklqana.
  2431 | D:3      | Found a sacrificial altar of Ru.
  2531 | D:3      | Noticed a sky beast
  2546 | D:3      | Killed a sky beast
  2546 | D:3      | Reached skill level 6 in Stealth
  2546 | D:3      | Reached XP level 6. HP: 46/46 MP: 10/10
  3194 | D:4      | Learned a level 3 spell: Tukima's Dance
  3574 | D:4      | Reached XP level 7. HP: 51/52 MP: 11/11
  3832 | D:5      | Entered Level 5 of the Dungeon
  4048 | D:5      | You fall through a shaft!
  4066 | D:6      | Reached skill level 7 in Stealth
  4068 | D:6      | Found a staircase to the Ecumenical Temple.
  4082 | Temple   | Entered the Ecumenical Temple
  4186 | Temple   | Became a worshipper of Ashenzari the Shackled
  4242 | D:6      | Found Rafack Wiesi's Distillery.
  4250 | D:6      | Bought a potion of curing for 36 gold pieces
  4293 | D:6      | Learned a level 3 spell: Dazzling Spray
  4352 | D:6      | Noticed Kilingo's ghost (novice DDAr)
  4489 | D:6      | Reached XP level 8. HP: 43/60 MP: 13/13
  4863 | D:6      | Got the uncursed ring mail of the Catfish {*Drain rF+ Int+4 Slay+2}
  4880 | D:6      | Found a deep blue altar of Sif Muna.
  5474 | D:7      | Reached skill level 5 in Fighting
  5474 | D:7      | Reached skill level 5 in Dodging
  5474 | D:7      | Reached skill level 8 in Stealth
  5508 | D:7      | Found a snail-covered altar of Cheibriados.
  6024 | D:8      | Found Rawnatusk's Armour Boutique.
  6068 | D:8      | Reached XP level 9. HP: 68/68 MP: 13/15
  6513 | D:8      | Found Ariss's Distillery.
  6731 | D:8      | Reached skill level 5 in Short Blades
  6886 | D:9      | Learned a level 3 spell: Regeneration
  6903 | D:9      | Noticed Joseph
  7447 | D:9      | Reached skill level 9 in Stealth
  7459 | D:9      | Killed a large slime creature
  7517 | D:9      | Reached skill level 10 in Stealth
  7593 | D:9      | Found Ulyudu's Antique Armour Shop.
  7609 | D:9      | Reached skill level 5 in Spellcasting
  7615 | D:9      | Bought a pair of jewelled gloves for 247 gold pieces
  7615 | D:9      | Identified the +1 pair of gloves of Ejihaghu {rElec MR++ Int+3 Dex-3} (You bought it in a shop on level 9 of the Dungeon)
  7615 | D:9      | Bought a twisted leather armour for 182 gold pieces
  7627 | D:9      | Identified the +6 leather armour of the Evening {rElec rC+++ rCorr Int+3} (You bought it in a shop on level 9 of the Dungeon)
  7629 | D:9      | Identified the +5 ring mail of the Catfish {*Drain rF+ Int+4 Slay+2} (You found it on level 6 of the Dungeon)
  7709 | D:9      | Reached XP level 10. HP: 63/76 MP: 9/17
  7738 | D:9      | Reached * piety under Ashenzari
  7875 | D:9      | Found a burning altar of Makhleb.
  7915 | D:9      | Noticed Psyche
  7993 | D:10     | Entered Level 10 of the Dungeon
  8187 | D:10     | Noticed a hill giant
  8202 | D:10     | Killed a hill giant
  8331 | D:10     | Reached skill level 10 in Hexes
  8439 | D:10     | Reached skill level 1 in Armour
  9023 | D:9      | Reached skill level 11 in Stealth
  9254 | D:9      | Killed Joseph
  9254 | D:9      | Reached skill level 1 in Necromancy
  9277 | D:9      | Killed Psyche
  9579 | D:10     | Reached XP level 11. HP: 84/84 MP: 12/20
  9902 | D:10     | Noticed a hill giant
  9912 | D:10     | Killed a hill giant
 10562 | D:11     | Noticed a hill giant
 10565 | D:11     | Killed a hill giant
 10591 | D:11     | Found a staircase to the Orcish Mines.
 11183 | D:11     | Noticed a cyan ugly thing
 11194 | D:11     | Killed a cyan ugly thing
 11197 | D:11     | Noticed an unseen horror
 11211 | D:11     | Killed an unseen horror
 11211 | D:11     | Reached skill level 12 in Stealth
 11988 | D:11     | Noticed a hill giant
 12007 | D:11     | Killed a hill giant
 12114 | D:11     | Noticed a brown ugly thing
 12165 | D:11     | Found a staircase to the Lair.
 12190 | D:11     | Killed a brown ugly thing
 12265 | D:11     | Reached XP level 12. HP: 94/94 MP: 14/22
 12618 | Orc:1    | Entered Level 1 of the Orcish Mines
 12810 | Lair:1   | Entered Level 1 of the Lair of Beasts
 12845 | Lair:1   | Learned a level 4 spell: Animate Dead
 13796 | D:13     | Noticed a centaur warrior
 13811 | D:13     | Killed a centaur warrior
 14269 | D:13     | Reached ** piety under Ashenzari
 14341 | D:13     | Found a bloodstained altar of Trog.
 14518 | D:13     | Reached skill level 5 in Necromancy
 14815 | D:14     | Reached skill level 13 in Stealth
 14955 | D:14     | Found a sparkling altar of Nemelex Xobeh.
 15156 | D:14     | Noticed a six-headed hydra
 15165 | D:14     | Killed a six-headed hydra
 15165 | D:14     | Reached XP level 13. HP: 103/103 MP: 6/24
 15737 | D:14     | Reached skill level 10 in Fighting
 15892 | D:14     | Found a gate to the Vaults.
 16407 | D:8      | Bought a +0 pair of boots for 67 gold pieces
 16550 | D:12     | Reached skill level 5 in Armour
 16607 | D:15     | Entered Level 15 of the Dungeon
 17046 | D:15     | Noticed a ghoul
 17047 | D:15     | Noticed Rupert
 17079 | D:15     | Killed a ghoul
 18950 | Lair:2   | Reached skill level 14 in Stealth
 19740 | Lair:3   | Reached *** piety under Ashenzari
 19818 | Lair:3   | Found a dark tunnel.
 19840 | Volcano  | Entered a volcano
 20044 | Volcano  | Found a burning altar of Makhleb.
 20191 | Volcano  | Reached XP level 14. HP: 111/111 MP: 22/26
 20601 | Lair:3   | Found a burning altar of Makhleb.
 21174 | Lair:4   | Identified a scroll of acquirement
 21327 | Lair:4   | Reached skill level 10 in Dodging
 21516 | Lair:4   | Found a staircase to the Snake Pit.
 21559 | Lair:4   | Reached **** piety under Ashenzari
 21733 | Lair:4   | Noticed Sonja
 21740 | Lair:4   | Killed Sonja
 22891 | Lair:5   | Found a staircase to the Swamp.
 23915 | Lair:6   | Found a viscous altar of Jiyva.
 23918 | Lair:6   | Found a staircase to the Slime Pits.
 23939 | Lair:6   | Found a hide-covered altar to Ukayaw.
 24796 | Lair:7   | Reached skill level 10 in Short Blades
 24831 | Lair:7   | Reached skill level 15 in Stealth
 25150 | Lair:7   | Learned a level 2 spell: Slow
 25193 | Lair:7   | Reached ***** piety under Ashenzari
 25535 | Lair:8   | Entered Level 8 of the Lair of Beasts
 25538 | Lair:8   | Reached XP level 15. HP: 109/120 MP: 28/28
 25653 | Lair:8   | Noticed epen's ghost (journeyman DEAE)
 25687 | Lair:8   | Killed epen's ghost
 25800 | Lair:8   | Noticed Yehuk's ghost (journeyman DrCj)
 25835 | Lair:8   | Killed Yehuk's ghost
 26349 | Lair:8   | Noticed Amnesiac's ghost (journeyman MfGl)
 26369 | Lair:8   | Killed Amnesiac's ghost
 28234 | Lair:8   | Noticed crauler's ghost (adept NaGl)
 28395 | Lair:8   | Killed crauler's ghost
 29952 | D:15     | Reached skill level 16 in Stealth
 29952 | D:15     | Reached skill level 10 in Spellcasting
 30077 | D:15     | Killed Rupert
 30143 | D:15     | Found a staircase to the Depths.
 30792 | D:15     | Found a stormy altar of Qazlal.
 30987 | Orc:2    | Entered Level 2 of the Orcish Mines
 31016 | Orc:2    | Noticed an orc warlord
 31034 | Orc:2    | Reached XP level 16. HP: 129/129 MP: 27/30
 31161 | Orc:2    | Found a roughly hewn altar of Beogh.
 31545 | Orc:2    | Reached skill level 15 in Hexes
 31578 | Orc:2    | Found a roughly hewn altar of Beogh.
 31581 | Orc:2    | Found Malleac's Jewellery Emporium.
 31592 | Orc:2    | Bought the amulet "Juskuanu" {Reflect MR+ Dex+4 SH+4 Stlth-} for 535 gold pieces
 31740 | Orc:2    | Found a roughly hewn altar of Beogh.
 31740 | Orc:2    | Found Ijeot's Antique Armour Shoppe.
 31743 | Orc:2    | Found Jeppoiz's Antique Weapon Emporium.
 31754 | Orc:2    | Bought a translucent leather armour for 210 gold pieces
 31754 | Orc:2    | Identified the +4 leather armour "Vifel" {Str+4 Dex+4} (You bought it in a shop on level 2 of the Orcish Mines)
 31884 | Orc:2    | Found a staircase to the Elven Halls.
 31963 | Orc:2    | Found a roughly hewn altar of Beogh.
 31996 | Orc:2    | Found a roughly hewn altar of Beogh.
 32039 | Orc:2    | Found Awurus's General Store.
 32051 | Orc:2    | Bought a scroll of remove curse for 39 gold pieces
 32318 | Orc:2    | Noticed Saint Roka
 32393 | Orc:2    | Killed Saint Roka
 32494 | Orc:2    | Found a roughly hewn altar of Beogh.
 32553 | Orc:2    | Found a roughly hewn altar of Beogh.
 33276 | Orc:1    | Noticed Catbag's ghost (novice MiFi)
 33291 | Orc:1    | Noticed Maud
 33292 | Orc:1    | Killed Catbag's ghost
 33295 | Orc:1    | Found Jascheh's Gadget Boutique.
 33306 | Orc:1    | Killed Maud
 33618 | Orc:2    | Identified the +7 longbow "Peam" {venom, Str+4} (You found it on level 5 of the Lair of Beasts)
 34117 | Lair:1   | Learned a level 5 spell: Cigotuvi's Embrace
 34191 | Lair:5   | Identified the +7 longbow "Peam" {venom, Str+4} (You found it on level 5 of the Lair of Beasts)
 34215 | Swamp:1  | Entered Level 1 of the Swamp
 34974 | Swamp:2  | Noticed Donald
 35025 | Swamp:2  | Killed Donald
 35167 | Swamp:2  | Learned a level 2 spell: Repel Missiles
 35227 | Swamp:2  | Noticed a thorn hunter
 35782 | Elf:1    | Entered Level 1 of the Elven Halls
 35847 | Elf:1    | Reached skill level 10 in Necromancy
 36204 | Elf:1    | Reached skill level 17 in Stealth
 36522 | Elf:1    | Reached skill level 1 in Charms
 37188 | Elf:1    | Reached XP level 17. HP: 137/137 MP: 13/31
 37304 | Elf:1    | Identified the cursed +0 ring mail "Icock" {rN+ Str+4} (You took it off a deep elf high priest on level 1 of the Elven Halls)
 38740 | Orc:2    | Bought the ring of Mulus {rN+ MP+9 Dex+3} for 450 gold pieces
 38790 | Orc:2    | Bought a +2 shield of reflection for 240 gold pieces
 39088 | Snake:1  | Entered Level 1 of the Snake Pit
 39227 | Snake:1  | Reached skill level 1 in Shields
 40029 | Snake:2  | Noticed Wiglaf
 40556 | Snake:1  | Killed Wiglaf
 40559 | Snake:1  | Got the uncursed shield of the Evening {rN+}
 40573 | Snake:1  | Identified the +1 shield of the Evening {rN+} (You took it off Wiglaf on level 1 of the Snake Pit)
 41133 | Snake:3  | Found Turagihat's Food Boutique.
 41243 | Snake:3  | Found Mostig's Weapon Emporium.
 41328 | Snake:3  | Identified the cursed amulet "Nuraokh" {Dismiss Str+3} (You acquired it on level 3 of the Snake Pit)
 41518 | Snake:3  | Found Owoev's General Store.
 41527 | Snake:3  | Bought a scroll of identify for 24 gold pieces
 41552 | Snake:3  | Found Josol's Distillery.
 41600 | Snake:3  | Reached skill level 5 in Shields
 41654 | Snake:3  | Found Durutet's Assorted Antiques.
 41748 | Snake:3  | Bought a scroll of remove curse for 90 gold pieces
 41876 | Snake:4  | Entered Level 4 of the Snake Pit
 42052 | Lair:1   | Learned a level 6 spell: Darkness
 42320 | Swamp:2  | Reached skill level 18 in Stealth
 42657 | Swamp:3  | Reached ****** piety under Ashenzari
 42842 | Swamp:3  | Noticed Aizul
 42847 | Swamp:3  | Killed Aizul
 43070 | Swamp:3  | Reached XP level 18. HP: 100/147 MP: 32/32
 43741 | Swamp:4  | Entered Level 4 of the Swamp
 43760 | Swamp:4  | Found a frozen archway.
 43868 | IceCv    | Entered an ice cave
 44398 | IceCv    | Noticed an Ice Fiend
 44465 | IceCv    | Killed an Ice Fiend
 44480 | IceCv    | Identified the +1 long sword of Exhibitionism {drain, *Contam +Inv rC++ Str+2}
 44499 | IceCv    | Identified the +3 hand crossbow "Xarry" {speed, Int+4}
 45670 | Swamp:4  | Reached skill level 15 in Fighting
 45823 | Swamp:4  | Noticed the 27-headed Lernaean hydra
 45958 | Swamp:4  | Got a decaying rune of Zot
 46363 | Snake:4  | Reached skill level 19 in Stealth
 46867 | Snake:4  | Noticed Vashnia
 46970 | Snake:4  | Killed Vashnia
 47823 | Snake:4  | Identified the +2 rapier of Yhuajouneo {pierce, +Fly} (You took it off a greater naga on level 4 of the Snake Pit)
 48178 | Snake:4  | Got a serpentine rune of Zot
 48421 | Snake:4  | Learned a level 2 spell: Shroud of Golubria
 48908 | Vaults:1 | Entered Level 1 of the Vaults
 48940 | Vaults:1 | Found Aphow's Antique Armour Shop.
 48946 | Vaults:1 | Bought an obsidian-encrusted scale mail for 243 gold pieces
 48946 | Vaults:1 | Identified the +4 scale mail of the Mind {Dex+2} (You bought it in a shop on level 1 of the Vaults)
 49020 | Vaults:1 | Reached XP level 19. HP: 157/157 MP: 23/33
 49624 | Vaults:1 | Reached skill level 10 in Shields
 50079 | Vaults:1 | Reached skill level 20 in Stealth
 50538 | Vaults:1 | Found Eliurchifui's Book Boutique.
 50836 | Vaults:1 | Found Bicecogegh's Antique Armour Shop.
 51275 | Elf:2    | Noticed Roxanne
 51411 | Elf:2    | Found a huge runed gate.
 51411 | Elf:2    | Found a huge runed gate.
 51411 | Elf:2    | Found a huge runed gate.
 51414 | Elf:2    | Found a huge runed gate.
 51420 | Elf:2    | Found a huge runed gate.
 53003 | Elf:2    | Killed Roxanne
 53016 | Elf:2    | Identified Roxanne's Almanac of Clay (You took it off Roxanne on level 2 of the Elven Halls)
 53155 | Elf:3    | Entered Level 3 of the Elven Halls
 53211 | Elf:3    | Reached XP level 20. HP: 168/168 MP: 34/34
 53602 | Elf:3    | Found a roughly hewn altar of Beogh.
 54140 | Elf:3    | Identified the +3 leather armour "Pehehehu" {Dex+5} (You took it off a deep elf death mage on level 3 of the Elven Halls)
 54180 | Elf:3    | Reached skill level 21 in Stealth
 54806 | Elf:3    | Gained mutation: You are dopey. (Int -2) [a shining eye]
 55876 | Vaults:1 | Bought a book of Frost for 560 gold pieces
 55882 | Vaults:1 | Learned a level 3 spell: Ozocubu's Armour
 56378 | Elf:3    | Identified the amulet of Megalomania {Inacc rElec rC+ Stlth+}
 56394 | Elf:3    | Identified Veemm's Handbook of Evil Changing
 56405 | Elf:3    | Got the uncursed cloak of the Shore {Int+2 Dex+2}
 56488 | Elf:3    | Reached skill level 1 in Ice Magic
 56901 | Lair:1   | Identified the +0 cloak of the Shore {Int+2 Dex+2} (You found it on level 3 of the Elven Halls)
 56915 | Lair:1   | Learned a level 3 spell: Spectral Weapon
 57185 | Vaults:2 | Identified the +4 ring mail of the Zebra {Int+6}
 57355 | Vaults:2 | Identified the cursed +1 quarterstaff of Honour {speed, -Tele rF++ Str+3 Dex+4}
 57796 | Vaults:2 | Reached skill level 1 in Evocations
 58930 | Vaults:2 | Found a staircase to the Crypt.
 58938 | Vaults:2 | Noticed Mennas
 59412 | Vaults:3 | Reached XP level 21. HP: 176/176 MP: 17/35
 59896 | Vaults:3 | Reached skill level 22 in Stealth
 60292 | Vaults:3 | Reached skill level 5 in Ice Magic
 60684 | Vaults:4 | Found a magical portal.
 60722 | WizLab   | Entered Wucad Mu's Monastery
 61410 | Vaults:4 | Reached XP level 22. HP: 184/184 MP: 32/36
 61835 | Vaults:4 | Reached skill level 5 in Evocations
 62878 | Vaults:5 | Entered Level 5 of the Vaults
 63379 | Depths:1 | Entered Level 1 of the Depths
 63379 | Depths:1 | Found a shattered altar of Ashenzari.
 63391 | Depths:1 | Found a gateway to Hell.
 63624 | Depths:1 | Reached skill level 5 in Charms
 63768 | Depths:1 | Found a one-way gate to the infinite horrors of the Abyss.
 63930 | Depths:1 | Reached skill level 10 in Armour
 63990 | Depths:1 | Found an opulent altar of Gozag.
 64158 | Depths:1 | Reached XP level 23. HP: 190/192 MP: 38/38
 64241 | Depths:2 | Noticed the Enchantress
 64461 | Depths:1 | Killed the Enchantress
 64461 | Depths:1 | Identified the +3 faerie dragon armour {*Contam rPois rF+ rN+ MP+6} (You took it off the Enchantress on level 1 of the Depths)
 64572 | Depths:2 | Reached skill level 23 in Stealth
 65120 | Depths:2 | Found a shadowy altar of Dithmenos.
 65120 | Depths:2 | Found a shadowy altar of Dithmenos.
 65121 | Depths:2 | Found an oddly glowing altar of Pakellas.
 65316 | Depths:2 | Noticed Sojobo
 65418 | Depths:2 | Noticed a juggernaut
 65442 | Depths:2 | Killed a juggernaut
 65908 | Depths:2 | Identified the +5 blowgun of Inflation {speed, Int+5}
 65989 | Depths:2 | Identified the Compendium of Glacial Feathers
 66165 | Depths:2 | Killed Sojobo
 66618 | Depths:2 | Reached XP level 24. HP: 165/201 MP: 34/38
 66691 | Depths:3 | Identified the +6 chain mail of Hysteria {*Contam Dex+7}
 67110 | Depths:3 | Reached skill level 15 in Dodging
 67429 | Depths:3 | Found a one-way gate leading to the halls of Pandemonium.
 67832 | Depths:4 | Found Dot Nohuhei's Antique Armour Shoppe.
 67835 | Depths:4 | Bought a shimmering scale mail for 144 gold pieces
 67835 | Depths:4 | Identified the +2 scale mail "Irghuolai" {rF+ Int-3 Stlth+} (You bought it in a shop on level 4 of the Depths)
 67835 | Depths:4 | Bought a shimmering helmet for 152 gold pieces
 67835 | Depths:4 | Identified the +1 helmet of Awe {MR+} (You bought it in a shop on level 4 of the Depths)
 67835 | Depths:4 | Bought a faintly humming scale mail for 144 gold pieces
 67835 | Depths:4 | Identified the +4 scale mail "Kaphoycu" {Dex+3} (You bought it in a shop on level 4 of the Depths)
 67874 | Depths:4 | Found a corrupted altar of Lugonu.
 68834 | Depths:4 | Identified the +3 great sword of Slime {slice, rElec Dex+5}
 68884 | Depths:5 | Entered Level 5 of the Depths
 69204 | Depths:5 | Reached skill level 10 in Charms
 69531 | Depths:5 | Identified the cursed +0 leather armour of Wasted Space {Str+5 Dex+4 Stlth-} (You took it off a spriggan on level 5 of the Depths)
 69619 | Depths:5 | Reached XP level 25. HP: 155/208 MP: 36/39
 70041 | Depths:5 | Reached skill level 10 in Evocations
 70093 | Depths:5 | Found a gateway to a ziggurat.
 70521 | Depths:5 | Found a gate to the Realm of Zot.
 71542 | Elf:3    | Identified the ring of Cihuz {rElec Str+4 Dex+3} (You took it off a deep elf elementalist on level 3 of the Elven Halls)
 71542 | Elf:3    | Reached skill level 1 in Throwing
 71545 | Elf:3    | Identified the +12 demon blade of Teet Emp {freeze, rElec MP+9 Int-5 Dex+2} (You took it off a deep elf knight on level 3 of the Elven Halls)
 71599 | Elf:3    | Identified the ring "Wailap" {Ice Dex+4} (You took it off a deep elf annihilator on level 3 of the Elven Halls)
 71604 | Elf:3    | Identified the +3 dagger of Xojaum {flame, SInv}
 72334 | Vaults:5 | Noticed ilikecats's ghost (veteran MiFi)
 72409 | Vaults:5 | Reached skill level 1 in Long Blades
 72606 | Vaults:5 | Killed ilikecats's ghost
 72722 | Vaults:5 | Identified the cursed +2 short sword "Cookie Cutter" {freeze, MR+ Dex+6} (You took it off a vault guard on level 5 of the Vaults)
 72986 | Vaults:5 | Identified the +1 leather armour "Obiz" {MR++ MP-9}
 73597 | Vaults:5 | Reached XP level 26. HP: 218/218 MP: 38/40
 74240 | Vaults:5 | Noticed an ancient lich
 74275 | Vaults:5 | Killed an ancient lich
 74598 | Vaults:5 | Reached skill level 5 in Long Blades
 75237 | Vaults:5 | Got a silver rune of Zot
 76064 | Lair:1   | Learned a level 6 spell: Haste
 76076 | Lair:1   | Learned a level 8 spell: Discord
 76084 | Lair:1   | Gained mutation: You are surrounded by a mild repulsion field. (EV +2) [potion of mutation]
 76084 | Lair:1   | Gained mutation: You are frail. (-10% HP) [potion of mutation]
 76085 | Lair:1   | Gained mutation: Your body sometimes deteriorates upon taking damage. [potion of mutation]
 76085 | Lair:1   | Lost mutation: Your body sometimes deteriorates upon taking damage. [potion of mutation]
 76086 | Lair:1   | Gained mutation: Your flesh is cold resistant. (rC+) [potion of mutation]
 76086 | Lair:1   | Gained mutation: You are very dopey. (Int -4) [potion of mutation]
 76086 | Lair:1   | Gained mutation: Your muscles are strong. (Str +2) [potion of mutation]
 76087 | Lair:1   | Gained mutation: You are partially covered in icy blue scales. (AC +1) [potion of mutation]
 76087 | Lair:1   | Gained mutation: You evolve. [potion of mutation]
 76088 | Lair:1   | Gained mutation: You are occasionally teleported next to monsters. [potion of mutation]
 76088 | Lair:1   | Lost mutation: You are frail. (-10% HP) [potion of mutation]
 76088 | Lair:1   | Gained mutation: You tend to lose your temper in combat. [potion of mutation]
 76089 | Lair:1   | Gained mutation: You can translocate small distances at will. [potion of mutation]
 76089 | Lair:1   | Lost mutation: You are very dopey. (Int -4) [potion of mutation]
 76089 | Lair:1   | Gained mutation: Your body sometimes deteriorates upon taking damage. [potion of mutation]
 76090 | Lair:1   | Lost mutation: You tend to lose your temper in combat. [potion of mutation]
 76091 | Lair:1   | Lost mutation: You evolve. [potion of cure mutation]
 76091 | Lair:1   | Lost mutation: You are dopey. (Int -2) [potion of cure mutation]
 76091 | Lair:1   | Lost mutation: Your flesh is cold resistant. (rC+) [potion of cure mutation]
 76091 | Lair:1   | Lost mutation: Your muscles are strong. (Str +2) [potion of cure mutation]
 76091 | Lair:1   | Lost mutation: You are occasionally teleported next to monsters. [potion of cure mutation]
 76092 | Lair:1   | Lost mutation: Your body sometimes deteriorates upon taking damage. [potion of cure mutation]
 76092 | Lair:1   | Lost mutation: You can translocate small distances at will. [potion of cure mutation]
 76418 | Zot:1    | Entered Level 1 of the Realm of Zot
 76560 | Zot:1    | Noticed an orb of fire
 76849 | Zot:2    | Reached skill level 1 in Air Magic
 77106 | Zot:2    | Reached skill level 5 in Throwing
 77805 | Zot:4    | Reached XP level 27. HP: 226/226 MP: 41/41
 77861 | Zot:5    | Entered Level 5 of the Realm of Zot
 78211 | Zot:5    | Noticed an ancient lich
 78220 | Zot:5    | Killed an ancient lich
 78238 | Zot:5    | Noticed an ancient lich
 78248 | Zot:5    | Killed an ancient lich
 78253 | Zot:5    | Noticed an ancient lich
 78264 | Zot:5    | Killed an ancient lich
 78400 | Zot:5    | Noticed an orb of fire
 78408 | Zot:5    | Gained mutation: Your spells are a little easier to cast, but a little less powerful. [an orb of fire]
 78424 | Zot:5    | Lost mutation: Your spells are a little easier to cast, but a little less powerful. [an orb of fire]
 78442 | Zot:5    | Noticed an ancient lich
 78460 | Zot:5    | Reached skill level 5 in Air Magic
 78508 | Zot:5    | Noticed an orb of fire
 78508 | Zot:5    | Noticed an orb of fire
 78508 | Zot:5    | Noticed an ancient lich
 78533 | Zot:5    | Noticed an ancient lich
 78546 | Zot:5    | Noticed an ancient lich
 78550 | Zot:5    | HP: 11/226 [death cob (5)]
 78552 | Zot:5    | Killed from afar by an orb of fire

Vault maps used:
D:1:      elethiomel_arrival_maze
D:2:      grunt_pakellas_basics, uniq_robin, uniq_natasha
D:3:      lemuel_round_altar, nicolae_ru_the_path_less_chosen, xom_butterflies
D:5:      old_standard_altar, grunt_dithmenos_smoke,
          gammafunk_temple_overflow_elements, first_bread, serial_column_ruins,
          column_ruins_hut, column_ruins_grid_1, column_ruins_corridor_straight,
          column_ruins_open_small_water, column_ruins_open_tiny,
          column_ruins_open_medium, minmay_crossroads
D:6:      led_sif_pool, minmay_temple_entry_hall, serial_shops,
          nicolae_shop_crystal
D:7:      overflow_temple_1_default
D:8:      serial_shops, kennysheep_mini, shop_fountains
D:9:      serial_shops, shop, hangedman_pestilent_swarm, bloody_makhleb,
          uniq_psyche, uniq_joseph
D:11:     david_lair_shrubbed, kennysheep_orc_monster_closet_entryway,
          grunt_ministairs_11, kennysheep_nub
D:13:     trog_wizard
D:14:     david_vaults_1, kennysheep_pointless_box,
          nemelex_xobeh_ov_fountains_minmay
D:15:     grunt_enter_depths_magical_seal, serial_undead, serial_undead_e,
          serial_undead_a, serial_undead_f, serial_undead_a, minmay_hedge_maze,
          grunt_qazlal_clouds, uniq_rupert
Temple:   circular_temple_12
Lair:2:   pond
Lair:3:   dpeg_oklob_shooting_range, nicolae_volcano_entry_batcave, basic_altar,
          grunt_forest_small_clearings, guppyfry_lair_drakes,
          infiniplex_staircase_pool, grunt_megastairs_4
Lair:4:   guppyfry_snake_entry_island, roderic_batcave, grunt_megastairs_5,
          uniq_sonja
Lair:5:   minmay_swamp_entry_reptiles, st_stairs_10, lemuel_old_faithful
Lair:6:   slime_altar_1, basic_altar, nicolae_quartered_pool_medium
Lair:7:   nicolae_quartered_pool_super, grunt_megastairs_1, serial_bayou_shore_a
Lair:8:   grunt_lair_end_beastmaster
Swamp:1:  evilmike_swamp_ruin_house_1
Swamp:2:  hangedman_swamp_lotus, swamp_pool1, cheibrodos_swamp_slimy,
          uniq_donald
Swamp:3:  nicolae_swamp_very_dense_foliage, uniq_aizul
Swamp:4:  swamp_alternative, portal_ice_cave_entry_ice_statue_one
Snake:1:  st_stairs_2
Snake:2:  uniq_wiglaf
Snake:3:  serial_shops, shop, nicolae_shop_behind_doors,
          nicolae_shop_statue_plus, shop, nicolae_shop_stone
Snake:4:  minmay_snake_end_coiled, serial_bayou_shore_b, uniq_vashnia
Orc:1:    serial_shops, shop, uniq_maud
Orc:2:    grunt_orc_community_town_hall, grunt_orc_community_big_house_2,
          grunt_orc_community_big_house_2, grunt_orc_community_house_1,
          grunt_orc_community_house_3, grunt_orc_community_house_3,
          grunt_orc_community_house_3, grunt_orc_community_house_3,
          uniq_saint_roka
Elf:1:    minmay_elf_arrival_circle, kennysheep_underground_church, hex_medium
Elf:2:    uniq_roxanne
Elf:3:    elf_hall, special_room
Vaults:1: ontoclasm_vaults_pinch, v_misc_26, vaults_dpeg_cross, v_rooms_2,
          nicolae_vaults_branching_niches, v_misc_17, vaults_mumra_hex,
          v_misc_17, nicolae_vaults_three_branches, v_misc_3, serial_shops,
          shop, shop, shop
Vaults:2: minmay_crypt_entry_simple_box, st_eye, vaults_mumra_hexcomb,
          grunt_vaults_bifocal, nicolae_vaults_network_periphery,
          hangedman_vaults_stream, hangedman_vaults_river_flow, v_misc_27,
          vaults_room_stairs_pillars, nicolae_vaults_border_crossing,
          vaults_dpeg_ring, uniq_mennas
Vaults:3: nicolae_vaults_inception_corners, hangedman_vaults_slice,
          ontoclasm_vaults_chip, vaults_room_semicircle,
          nicolae_vaults_puzzle_piece, nicolae_vaults_holding_cells,
          hangedman_vaults_cutoff, ontoclasm_vaults_ring_square,
          grunt_vaults_diagonal, nicolae_vaults_alarming
Vaults:4: hangedman_vaults_cutoff, serial_ice_m, ontoclasm_vaults_shuriken,
          v_misc_25, v_misc_12, nicolae_vaults_ring_of_whatevers,
          vaults_room_grid, nicolae_vaults_little_squares_3, v_misc_26,
          hangedman_vaults_trim, hangedman_vaults_impose,
          ontoclasm_vaults_twist, dpeg_vaults_monster_box,
          nicolae_vaults_yaktaur_gun_rack, nicolae_vaults_asterisk,
          infiniplex_enter_wizlab_water
Depths:1: hell_entry, abyss_entry, lemuel_round_altar, ashenzari_altar_1
Depths:2: hangedman_slaughterboxes, hell_entry, abyss_entry, serial_shops,
          uniq_enchantress, uniq_sojobo
Depths:3: lemuel_troll_bridge, rand_demon_pan_entry_1, hell_entry,
          nicolae_benzene_ring
Depths:4: hangedman_hanging_gardens, serial_shops, kennysheep_mini_moat,
          abyss_entry_flame_altar, minmay_misc_feat_room, hell_entry
Depths:5: lemuel_castle_with_subvaults, enter_ziggurat_b,
          minmay_misc_feat_alley, hell_entry
Zot:2:    zot_minivault_1
Zot:5:    st_stairs_6
IceCv:    ice_cave_tombish
Volcano:  volcano_lake
WizLab:   wizlab_wucad

Skill      XL: |  1  2  3  4  5  6  7  8  9 10 11 12 13 14 15 16 17 18 19 20 21 22 23 24 25 26 27 |
---------------+----------------------------------------------------------------------------------+-----
Fighting       | 1 2 3 4 5 6 7 8 9 10 11 12 13 14 15 17 18 19 20 | 20.5
Stealth        | 5 6 7 8 10 11 12 13 14 15 16 17 18 19 20 21 22 23 | 23.9
Short Blades   | 2 3 4 5 6 7 8 9 10 11 | 11.8
Dodging        | 3 4 5 6 7 8 9 10 11 12 13 14 15 16 17 | 17.8
Hexes          | 5 6 8 9 10 11 12 13 14 15 16 17 18 | 18.4
Spellcasting   | 3 4 5 6 7 8 9 10 11 12 13 14 | 14.6
Armour         | 2 3 4 5 6 7 8 9 10 11 12 | 12.1
Necromancy     | 2 4 5 6 7 9 10 | 10.4
Charms         | 1 2 5 8 10 11 13 | 13.4
Shields        | 6 9 11 12 | 12.6
Ice Magic      | 4 5 |  5.8
Evocations     | 2 4 6 8 9 10 11 12 | 12.2
Throwing       | 3 5 6 |  6.0
Long Blades    | 3 6 7 |  7.6
Air Magic      | 3 5 |  5.0

Action                   |  1- 3 |  4- 6 |  7- 9 | 10-12 | 13-15 | 16-18 | 19-21 | 22-24 | 25-27 || total
-------------------------+-------+-------+-------+-------+-------+-------+-------+-------+-------++-------
Melee: Dagger            |   101 |   162 |   384 |  1030 |    69 |       |       |       |       ||  1746
       Bite              |     9 |    16 |    54 |   152 |   274 |   291 |   351 |   376 |   413 ||  1936
       Rapier            |       |       |       |       |  1925 |  2015 |  2066 |  2065 |  2087 || 10158
 Cast: Corona            |     2 |       |       |     1 |     1 |       |       |       |       ||     4
       Ensorcelled Hiber |     6 |     1 |     4 |    17 |    46 |    41 |     3 |     6 |     1 ||   125
       Confuse           |     2 |    30 |    71 |   209 |   309 |   343 |   213 |   219 |   176 ||  1572
       Tukima's Dance    |       |       |     1 |       |    30 |     7 |     1 |       |       ||    39
       Animate Dead      |       |       |       |       |    41 |    39 |    17 |     2 |     1 ||   100
       Regeneration      |       |       |       |       |    21 |    31 |    37 |    18 |    25 ||   132
       Dazzling Spray    |       |       |       |       |    48 |   136 |    71 |    43 |     5 ||   303
       Cigotuvi's Embrac |       |       |       |       |       |    28 |       |       |       ||    28
       Repel Missiles    |       |       |       |       |       |     8 |     4 |     2 |     1 ||    15
       Darkness          |       |       |       |       |       |     9 |    23 |     4 |     2 ||    38
       Shroud of Golubri |       |       |       |       |       |     2 |    15 |    11 |     2 ||    30
       Slow              |       |       |       |       |       |     1 |       |       |       ||     1
       Ozocubu's Armour  |       |       |       |       |       |       |    19 |    38 |    27 ||    84
       Spectral Weapon   |       |       |       |       |       |       |     3 |    52 |    77 ||   132
Invok: Curse Item        |       |       |     2 |       |     2 |     4 |     3 |       |       ||    11
       Scrying           |       |       |       |       |       |     1 |       |     1 |       ||     2
 Abil: End Transformatio |       |       |       |       |     3 |     1 |       |     2 |       ||     6
       Bat Form          |       |       |       |       |     3 |     1 |       |     2 |       ||     6
Evoke: Wand              |       |       |       |       |       |     5 |    10 |     1 |    22 ||    38
       Deck              |       |       |       |       |       |     1 |       |       |       ||     1
       Phial of floods   |       |       |       |       |       |       |       |       |     2 ||     2
       Sack of spiders   |       |       |       |       |       |       |       |       |     8 ||     8
       Box of beasts     |       |       |       |       |       |       |       |       |     3 ||     3
       Fan of gales      |       |       |       |       |       |       |       |       |     1 ||     1
  Use: Potion            |       |     4 |     7 |     9 |    13 |    23 |    17 |     2 |    16 ||    91
       Scroll            |       |       |       |    19 |    13 |    24 |    11 |     4 |    14 ||    85
 Stab: Sleeping          |    12 |    12 |    23 |    44 |    94 |    80 |    68 |    65 |    19 ||   417
       Confused          |     1 |    17 |    50 |   156 |   174 |   177 |   106 |   117 |    89 ||   887
       Distracted        |       |       |       |     2 |    10 |    18 |    13 |    36 |    81 ||   160
       Invisible         |       |       |       |       |    14 |    40 |    20 |    20 |       ||    94
       Held in net/web   |       |       |       |       |       |       |       |       |     1 ||     1
Armor: Robe              |    22 |    14 |    50 |       |       |       |       |       |       ||    86
       Leather armour    |       |       |     2 |    87 |   260 |   207 |   142 |   262 |   216 ||  1176
Dodge: Dodged            |    73 |    61 |   167 |   365 |  1231 |   967 |   666 |  1043 |   923 ||  5496
       Deflected         |       |       |       |       |       |    21 |    23 |    10 |    12 ||    66
Block: Other             |       |     2 |    14 |    50 |   269 |   123 |       |       |       ||   458
       Reflection        |       |       |       |     3 |    10 |    94 |    89 |    45 |    52 ||   293
       Shield            |       |       |       |       |       |   771 |  1350 |  1836 |  1488 ||  5445
